 Dungeon Crawl Stone Soup version 0.20.1-1-g8b1a95d (webtiles) character file.

934 taka the Chopper (level 8, -1/60 HPs)
             Began as a Human Wanderer on Aug 20, 2017.
             Killed from afar by a white imp (3 damage)
             ... with a puff of frost
             ... summoned by Eustachio
             ... on level 5 of the Dungeon.
             The game lasted 00:17:22 (5182 turns).

taka the Chopper (Human Wanderer)                   Turns: 5182, Time: 00:17:23

Health: -1/60      AC:  7    Str: 17      XL:     8   Next: 33%
Magic:  0/13       EV: 12    Int: 13      God:
Gold:   207        SH:  0    Dex:  9 (10) Spells: 13/13 levels left

rFire    + . .     SeeInvis .   a - +2 hand axe
rCold    x . .     Gourm    .   (no shield)
rNeg     + . .     Faith    .   b - +0 ring mail
rPois    .         Spirit   +   r - +0 helmet
rElec    .         Reflect  .   f - scarf {Spirit}
rCorr    .         Harm     .   (no gloves)
MR       .....                  (no boots)
Stlth    +.........             (no amulet)
Regen    0.2/turn               q - ring of positive energy
MPRegen  0.2/turn               e - ring of fire

@: no status effects
A: no striking features
a: no special abilities


You were on level 5 of the Dungeon.
You were not hungry.

You visited 1 branch of the dungeon, and saw 5 of its levels.

You collected 207 gold pieces.

Inventory:

Hand Weapons
 a - a +2 hand axe (weapon)
Armour
 b - a +0 ring mail (worn)
 f - a scarf of spirit shield (worn)
 i - a +0 hat
 r - a +0 helmet (worn)
Jewellery
 e - a ring of fire (right hand)
 q - a ring of positive energy (left hand)
Wands
 t - a wand of digging (23/24)
Scrolls
 g - a scroll of fog
 j - a scroll of remove curse
 m - a scroll of identify
 n - 5 scrolls of teleportation
 o - a scroll of amnesia
Potions
 k - a potion of curing
Comestibles
 c - a fruit
 d - 3 bread rations
 h - 2 royal jellies
 l - 3 meat rations


   Skills:
 * Level 4.1 Fighting
   Level 1.0 Short Blades
 + Level 5.4 Axes
 + Level 1.0 Throwing
 + Level 3.9 Armour
 + Level 3.5 Dodging
 + Level 1.1 Stealth
 * Level 3.4 Spellcasting


You had 13 spell levels left.
You didn't know any spells.

Dungeon Overview and Level Annotations

Branches:
Dungeon (5/15)
 Temple: D:4-7

Altars:

Annotations:
D:5 Eustachio, Grinder


Message History

* * * LOW HITPOINT WARNING * * *
Eustachio gestures wildly while chanting.
Eustachio blinks!
You hit the shadow imp.
The shadow imp is moderately wounded.
You hit the white imp. You hit the bat.
You kill the bat!
The bat's corpse disappears in a puff of smoke!
The shadow imp completely misses you.
The white imp hits you but does no damage.
The white imp gestures at you. The puff of frost hits you!
You feel a terrible chill!
* * * LOW HITPOINT WARNING * * *
Eustachio mumbles some strange words.
Eustachio blinks!
Grinder comes into view.
Grinder shouts!
The white imp gestures at you. The puff of frost hits you!
You feel a terrible chill!
You die...

.........#.
##....................#.
.....................# #
.....................# #
......... ...........# #
........####.........# #
.......>...#.........# #
)......§5..#.........###
.......@5...............
........5..####.##.#####
5...###....# #.#.......
### #....# #.#.......
#.........##.#..<....
#.......§.##.#..#####
#.@.......##.#.....#
############.#.....##
#.......


You could see Grinder, 2 white imps and a shadow imp.

Vanquished Creatures
  Edmund (D:4)
  A black bear (D:4)
  A phantom (D:4)
  2 scorpions (D:4)
  A howler monkey (D:4)
  A crimson imp (D:3)
  A hound (D:4)
  An orc wizard (D:4)
  2 orc priests
  A bullfrog skeleton (D:4)
  An iguana (D:4)
  Natasha (thrice) (D:2)
  3 worker ants
  A hound skeleton (D:4)
  3 adders
  An ooze (D:2)
  3 worms
  3 dart slugs
  4 leopard geckos
  11 orcs
  4 bats (D:1)
  4 giant cockroaches
  12 goblins
  5 hobgoblins
  9 jackals
  5 kobolds
  A quokka (D:5)
  2 ball pythons
  A frilled lizard (D:4)
  9 rats
97 creatures vanquished.

Notes
Turn   | Place    | Note
-------+----------+-------------------------------------------
     0 | D:1      | taka the Human Wanderer began the quest for the Orb.
     0 | D:1      | taka set off with: a +2 hand axe, a +0 ring mail, a potion of lignification, a bread ration
     0 | D:1      | Reached XP level 1. HP: 16/16 MP: 1/1
   217 | D:1      | Reached XP level 2. HP: 22/22 MP: 2/2
   524 | D:1      | Reached XP level 3. HP: 28/28 MP: 4/4
   922 | D:2      | Reached skill level 1 in Spellcasting
   959 | D:2      | Reached XP level 4. HP: 23/34 MP: 5/5
  1005 | D:2      | Reached skill level 3 in Axes
  1020 | D:2      | Noticed Natasha
  1026 | D:2      | Killed Natasha
  1068 | D:2      | Noticed Natasha
  1084 | D:2      | Killed Natasha
  1084 | D:2      | Reached XP level 5. HP: 12/39 MP: 5/7
  1103 | D:2      | Noticed Natasha
  1118 | D:2      | Killed Natasha
  1597 | D:3      | Reached XP level 6. HP: 18/46 MP: 7/9
  1925 | D:3      | Reached skill level 4 in Axes
  2646 | D:4      | Noticed Edmund
  2681 | D:4      | Killed Edmund
  2681 | D:4      | Reached XP level 7. HP: 39/52 MP: 3/10
  4056 | D:4      | Reached skill level 5 in Axes
  4236 | D:4      | Reached XP level 8. HP: 43/60 MP: 9/12
  4379 | D:4      | HP: 4/90 [black bear (5)]
  4380 | D:4      | HP: 1/90 [black bear (3)]
  4899 | D:5      | Entered Level 5 of the Dungeon
  5148 | D:5      | Noticed Eustachio
  5181 | D:5      | HP: 2/60 [white imp/puff of frost[Eustachio] (12)]
  5182 | D:5      | Noticed Grinder
  5182 | D:5      | Killed from afar by a white imp

Skill      XL: |  1  2  3  4  5  6  7  8 |
---------------+-------------------------+-----
Spellcasting   | 1 2 3 |  3.4
Axes           | 3 4 5 |  5.4
Dodging        | 3 |  3.5
Armour         | 2 3 |  3.9
Fighting       | 3 4 |  4.1
Short Blades   | |  1.0
Throwing       | |  1.0
Stealth        | |  1.1

Action                   |  1- 3 |  4- 6 |  7- 9 || total
-------------------------+-------+-------+-------++-------
Melee: Hand axe          |    77 |   178 |   226 ||   481
  Use: Potion            |       |    10 |     5 ||    15
       Scroll            |       |     4 |     4 ||     8
  Eat: Chunk             |       |     3 |     7 ||    10
       Royal jelly       |       |     1 |     1 ||     2
Armor: Ring mail         |    46 |    54 |   102 ||   202
       Skin              |       |       |     9 ||     9
Dodge: Dodged            |    54 |   115 |   155 ||   324
